 Dungeon Crawl Stone Soup version 0.27-a0-1501-g9d6fb14e67 (webtiles) character file.

Game seed: 11496550440182834014

70 Lekart the Skirmisher (level 4, -8/40 HPs)
             Began as a Draconian Chaos Knight on July 8, 2021.
             Was a Plaything of Xom.
             Mangled by a cane toad (shapeshifter) (14 damage)
             ... led by Robin
             ... on level 1 of the Dungeon.
             The game lasted 00:02:15 (1400 turns).

Lekart the Skirmisher (Draconian Chaos Knight)      Turns: 1400, Time: 00:02:15

Health: -8/40      AC:  5    Str: 14    XL:     4   Next: 3%
Magic:  5/5        EV: 12    Int: 12    God:    Xom [..*...]
Gold:   72         SH:  0    Dex: 12    Spells: 5/5 levels left

rFire    . . .     SeeInvis .   a - +0 falchion (chaos)
rCold    . . .     Faith    .   (no shield)
rNeg     . . .     Spirit   .   (armour unavailable)
rPois    .         Reflect  .   (helmet restricted)
rElec    .         Harm     .   (no cloak)
rCorr    .         Rampage  .   (no gloves)
Will     .....                  (no boots)
Stlth    +.........             (no amulet)
HPRegen  0.13/turn              (no ring)
MPRegen  0.09/turn              (no ring)

@: no status effects
A: AC +5, unfitting armour, cold-blooded
a: Renounce Religion


You were on level 1 of the Dungeon.
You worshipped Xom.
You were a toy of Xom.
You visited 1 branch of the dungeon, and saw 2 of its levels.

You collected 72 gold pieces.

Inventory:

Hand Weapons
 a - a +0 falchion of chaos (weapon)
Scrolls
 b - a scroll of identify
 c - a scroll of magic mapping
 e - a scroll of fog {unknown}
 f - a scroll of summoning {unknown}


   Skills:
 + Level 4.0 Fighting
 + Level 3.9 Long Blades
 + Level 2.5 Dodging
 * Level 1.1 Spellcasting


You had 5 spell levels left.
You didn't know any spells.
Your spell library contained the following spells:

 Spells                   Type           Power      Damage    Failure   Level
 Pain                     Necr           0%         1d4       30%         1
 Agony                    Necr           0%         N/A       100%        5
 Excruciating Wounds      Necr           0%         N/A       100%        5


Dungeon Overview and Level Annotations

Branches:
Dungeon (2/15)

Altars:
Gozag

Annotations:
D:2 Robin


Innate Abilities, Weirdness & Mutations

Your plain brown scales are hard. (AC +5)
You cannot fit into any form of body armour.
You are cold-blooded and may be slowed by cold attacks.


Message History

The goblin hits you with a +0 dagger.
There is a stone staircase leading up here.
You climb upwards.
There is a stone staircase leading down, spattered with blood here.
You barely miss the goblin. The goblin misses you.
You hit the goblin. You burn the goblin.
The goblin is heavily wounded.
The goblin hits you but does no damage.
You hit the goblin.
The goblin changes into a shapeshifter!
Xom thinks this is hilarious!
The shapeshifter is heavily wounded.
The shapeshifter changes into a wind drake!
You hit the wind drake.
The wind drake is poisoned.
Your tail-slap misses the wind drake.
The wind drake is lightly wounded.
The wind drake bites you!
You hit the wind drake but do no damage.
The wind drake is lightly wounded.
The wind drake begins repelling missiles!
You closely miss the wind drake.
The wind drake is lightly wounded.
The wind drake barely misses you.
You riposte.
You barely miss the wind drake.
The wind drake is lightly wounded.
The wind drake bites you.
You hit the wind drake. You freeze the wind drake.
The wind drake is lightly wounded.
The wind drake changes into a cane toad!
You aren't carrying any potions.
Unknown command.
As you read the scroll labelled EFIRUPO BUFRERGH, it crumbles to dust.
It is a scroll of identify.
c - a scroll of magic mapping The cane toad stings you!!
Ouch! That really hurt!
* * * LOW HITPOINT WARNING * * *
This is a scroll of acquirement!
You see here a manual of Polearms.
Something appears at your feet! The cane toad stings you!
You die...
Xom thinks this is hilarious!

######
#(@<.#
#F...#
#....#
#§..§#
#§§§.#
#§####
#.#
#)#
#.#


You could see a cane toad shaped shifter.

Vanquished Creatures
  An adder (D:2)
  A river rat (D:2)
  2 dart slugs (D:1)
  An endoplasm (D:1)
  8 goblins
  8 hobgoblins (D:1)
  3 jackals (D:2)
  A quokka (D:1)
  A ball python (D:2)
  5 bats
  4 frilled lizards
  4 kobolds (D:1)
  7 rats
46 creatures vanquished.

Notes
Turn   | Place    | Note
-------+----------+-------------------------------------------
     0 | D:1      | Lekart the Draconian Chaos Knight began the quest for the
                  | Orb.
     0 | D:1      | Reached XP level 1. HP: 19/19 MP: 1/1
   237 | D:1      | Reached XP level 2. HP: 26/26 MP: 2/2
   435 | D:1      | XOM: silly message
   737 | D:1      | Reached XP level 3. HP: 33/33 MP: 4/4
   887 | D:2      | Found an opulent altar of Gozag.
   903 | D:2      | Reached skill level 1 in Spellcasting
   931 | D:2      | XOM: cloud trail
  1001 | D:2      | Noticed Robin
  1004 | D:2      | XOM: silly message
  1015 | D:2      | XOM: divination: magic mapping
  1257 | D:1      | Reached skill level 4 in Fighting
  1262 | D:1      | Reached XP level 4. HP: 26/40 MP: 5/5
  1394 | D:1      | Noticed a shapeshifter
  1394 | D:1      | a goblin changed into a shapeshifter
  1394 | D:1      | Noticed a wind drake
  1394 | D:1      | a shapeshifter changed into a wind drake
  1398 | D:1      | Noticed a cane toad
  1398 | D:1      | a wind drake changed into a cane toad
  1400 | D:1      | Identified a scroll of acquirement
  1400 | D:1      | Acquired a manual of Polearms
  1400 | D:1      | Mangled by a cane toad (shapeshifter)

Illustrated notes

Levels and vault maps discovered:
D:1:      dpeg_arrival_fog, layout_rooms, corexii_leaking_fountain
D:2:      layout_basic, basic_altar, uniq_terence, uniq_jessica, uniq_robin

Skill      XL: |  1  2  3 |
---------------+----------+-----
Spellcasting   | 1 |  1.1
Fighting       | 4 |  4.0
Long Blades    | |  3.9
Dodging        | |  2.5

Action                   |  1- 3 |  4- 6 || total
-------------------------+-------+-------++-------
Melee: Falchion          |    95 |     8 ||   103
       Tailslap          |    19 |       ||    19
  Use: Scroll            |       |     2 ||     2
 Stab: Sleeping          |     1 |       ||     1
Armor: Skin              |    55 |     1 ||    56
Dodge: Dodged            |    88 |     2 ||    90
       Rpst.: Falchion   |    24 |     1 ||    25

Table legend: (Time is in decaauts)
 A = Elapsed time spent in this place.
 B = Non-inter-level travel time spent in this place.
 C = Inter-level travel time spent in this place.
 D = Time resting spent in this place.
 E = Time spent auto-exploring this place.
 F = Levels seen in this place.
 G = Mean time per level.
                   A        B        C        D        E       F      G
               +--------+--------+--------+--------+--------+-----+--------+
         Total |   1417 |   1404 |     13 |    328 |    799 |   2 |  708.5 |
       Dungeon |   1417 |   1404 |     13 |    328 |    799 |   2 |  708.5 |
               +--------+--------+--------+--------+--------+-----+--------+

Top non-repeatable levels by time:
     D:1: 1144 daAuts
     D:2: 272 daAuts
